NYP
ROME BRAVES @ BATAVIA MUCKDOGS
04/16/2044
 
TOP OF THE 1ST
Rome Braves batting - Pitching for Batavia Muckdogs : RHP James Bitner
Pitching: RHP James Bitner
Batting: LHB J.P. Olson 0-0: Called Strike
0-1: Called Strike
0-2: Ball
1-2: Foul Ball, location: 2F
1-2: Foul Ball, location: 2F
1-2: Ground out 4-3 (Groundball, 13, EV 86.3 MPH)
Batting: RHB Brandon Burrell 0-0: Ball
1-0: Foul Ball, location: 2F
1-1: Foul Ball, location: 2F
1-2: Foul Ball, location: 2F
1-2: Strikes out looking
Batting: LHB Robby Dann 0-0: SINGLE (Line Drive, 89M, EV 108.1 MPH)
Batting: RHB Ike Trout 0-0: Ball
1-0: Ball
2-0: Ball
3-0: Called Strike
3-1: DOUBLE (Flyball, 8LD, EV 102.5 MPH)
Robby Dann to third
Runner from 3rd tries for Home, SAFE, no throw by CF
Batting: LHB Mike Tenorio 0-0: Called Strike
0-1: Ball
1-1: Called Strike
1-2: Strikes out swinging
Top of the 1st over - 1 run, 2 hits, 0 errors, 1 left on base; Rome 1 - Batavia 0
BOTTOM OF THE 1ST
Batavia Muckdogs batting - Pitching for Rome Braves : LHP Jason Zaugg
Pitching: LHP Jason Zaugg
Batting: RHB Calvin Morin 0-0: Foul Ball, location: 2F
0-1: Swinging Strike
0-2: Strikes out swinging
Batting: LHB David Doge 0-0: Fly out, F7 (Flyball, 78S, EV 98.1 MPH)
Batting: RHB Jim Fisher 0-0: Ball
1-0: Called Strike
1-1: Ball
2-1: Ball
3-1: Foul Ball, location: 2F
3-2: Foul Ball, location: 2F
3-2: Strikes out looking
Bottom of the 1st over - 0 runs, 0 hits, 0 errors, 0 left on base; Rome 1 - Batavia 0
TOP OF THE 2ND
Rome Braves batting - Pitching for Batavia Muckdogs : RHP James Bitner
Batting: RHB Badr al Din Ridha 0-0: Called Strike
0-1: Called Strike
0-2: Foul Ball, location: 2F
0-2: Foul Ball, location: 2F
0-2: Foul Ball, location: 2F
0-2: Ball
1-2: Foul Ball, location: 2F
1-2: Ball
2-2: Fly out, F8 (Flyball, 89D, EV 105.6 MPH)
Pitching: RHP Scott Feltham
Batting: RHB Alex Velasquez 0-0: Ball
1-0: Ball
2-0: Called Strike
2-1: Called Strike
2-2: Ball
3-2: Strikes out looking
Batting: LHB Joe Phillips 0-0: Called Strike
0-1: Ball
1-1: Ball
2-1: SINGLE (Groundball, 6D, EV 104.4 MPH)
Batting: RHB Peter Wheeler 0-0: Ball
1-0: SINGLE (Flyball, 56D, EV 89.4 MPH)
Joe Phillips to second
Batting: LHB J.P. Olson 0-0: Ball
Wild Pitch!
Joe Phillips to third
Peter Wheeler to second
1-0: Called Strike
1-1: Ball
2-1: Ball
3-1: Called Strike
3-2: Base on Balls
Pitching: LHP Kunji Fukasawa
Batting: RHB Brandon Burrell 0-0: Ground out 5-3 (Groundball, 56S, EV 85.0 MPH)
Top of the 2nd over - 0 runs, 2 hits, 0 errors, 3 left on base; Rome 1 - Batavia 0
BOTTOM OF THE 2ND
Batavia Muckdogs batting - Pitching for Rome Braves : LHP Jason Zaugg
Batting: RHB Len Graham 0-0: Called Strike
0-1: Ball
1-1: Fly out, F8 (Flyball, 78M, EV 95.0 MPH)
Batting: RHB Nate Crofts 0-0: Ball
1-0: Ball
2-0: Called Strike
2-1: Ball
3-1: Called Strike
3-2: Foul Ball, location: 2F
3-2: Ground out 5-3 (Groundball, 15, EV 82.5 MPH)
Batting: RHB Hiromitsu Yamada 0-0: Swinging Strike
0-1: Swinging Strike
0-2: Ball
1-2: Foul Ball, location: 2F
1-2: Ground out 6-3 (Groundball, 6M, EV 91.3 MPH)
Bottom of the 2nd over - 0 runs, 0 hits, 0 errors, 0 left on base; Rome 1 - Batavia 0
TOP OF THE 3RD
Rome Braves batting - Pitching for Batavia Muckdogs : LHP Kunji Fukasawa
Batting: LHB Robby Dann 0-0: Foul Ball, location: 2F
0-1: Ball
1-1: Foul Ball, location: 2F
1-2: Foul Ball, location: 2F
1-2: Ball
2-2: Foul Ball, location: 2F
2-2: Strikes out swinging
Batting: RHB Ike Trout 0-0: Called Strike
0-1: Ball
1-1: Ball
2-1: SINGLE (Groundball, 34D, EV 108.8 MPH)
Batting: LHB Mike Tenorio 0-0: Ball
1-0: Ball
2-0: Called Strike
2-1: SINGLE (Groundball, 34D, EV 102.5 MPH)
Ike Trout to second
Runner from 2nd tries for 3rd, SAFE, throw by RF made to third
Batting: RHB Badr al Din Ridha 0-0: Ball
1-0: Ball
2-0: Fly out, F7 (Flyball, 78S, EV 98.1 MPH)
Pitching: RHP Ryan Babbitt
Batting: RHB Alex Velasquez 0-0: Called Strike
0-1: Called Strike
0-2: Foul Ball, location: 2F
0-2: Ball
1-2: Foul Ball, location: 2F
1-2: Ball
2-2: Foul Ball, location: 2F
2-2: Ball
3-2: SINGLE (Flyball, 4D, EV 90.0 MPH)
Ike Trout scores
Mike Tenorio to second
Mike Tenorio to third
Batting: LHB Joe Phillips 0-0: Foul Ball, location: 2F
0-1: Ball
1-1: Ball
Alex Velasquez steals 2nd base (no throw)
2-1: Fly out, F7 (Flyball, 78D, EV 88.1 MPH)
Top of the 3rd over - 1 run, 3 hits, 0 errors, 2 left on base; Rome 2 - Batavia 0
BOTTOM OF THE 3RD
Batavia Muckdogs batting - Pitching for Rome Braves : LHP Jason Zaugg
Batting: LHB Justin Blakely 0-0: Ball
1-0: Called Strike
1-1: Called Strike
1-2: Ball
2-2: Fly out, F5 (Line Drive, 5, EV 70.6 MPH)
Batting: RHB Jeremy Dennis 0-0: TRIPLE (Line Drive, 8RXD, EV 105.0 MPH)
Batting: RHB Jose Trevino 0-0: Called Strike
0-1: Fly out, F7 (Flyball, 78S, EV 80.0 MPH)
Batting: RHB Calvin Morin 0-0: Ball
1-0: Ball
2-0: Ball
3-0: Called Strike
3-1: Base on Balls
Batting: LHB David Doge 0-0: Called Strike
0-1: Swinging Strike
0-2: Strikes out swinging
Bottom of the 3rd over - 0 runs, 1 hit, 0 errors, 2 left on base; Rome 2 - Batavia 0
TOP OF THE 4TH
Rome Braves batting - Pitching for Batavia Muckdogs : RHP Ryan Babbitt
Batting: RHB Peter Wheeler 0-0: Ball
1-0: Ground out 5-3 (Groundball, 56, EV 98.1 MPH)
Batting: LHB J.P. Olson 0-0: Ball
1-0: Called Strike
1-1: Swinging Strike
1-2: Ball
2-2: Foul Ball, location: 2F
2-2: Ball
3-2: Base on Balls
Pitching: RHP Alex Garza
Batting: RHB Brandon Burrell 0-0: Ball
J.P. Olson steals 2nd base (no throw)
1-0: Foul Ball, location: 2F
1-1: Called Strike
1-2: Ground out 6-3 (Groundball, 6, EV 103.1 MPH)
Batting: LHB Robby Dann 0-0: Ball
Passed Ball!
J.P. Olson to third
1-0: Called Strike
1-1: Ball
2-1: Ball
3-1: Base on Balls
Batting: RHB Ike Trout 0-0: Ball
1-0: SINGLE (Groundball, 56D, EV 95.0 MPH)
J.P. Olson scores
Robby Dann to second
Runner from 2nd tries for 3rd, SAFE, throw by LF made to third
Batting: LHB Mike Tenorio 0-0: Ball
1-0: Called Strike
1-1: Ball
2-1: Ground out 4-3 (Groundball, 34D, EV 90.0 MPH)
Top of the 4th over - 1 run, 1 hit, 0 errors, 2 left on base; Rome 3 - Batavia 0
BOTTOM OF THE 4TH
Batavia Muckdogs batting - Pitching for Rome Braves : LHP Jason Zaugg
Batting: RHB Jim Fisher 0-0: SINGLE (Groundball, 4MD, EV 98.8 MPH)
Batting: RHB Len Graham 0-0: Grounds into double play, 4-6-3 (Groundball, 4, EV 101.9 MPH)
Batting: RHB Nate Crofts 0-0: Called Strike
0-1: Ball
1-1: Ball
2-1: Foul Ball, location: 2F
2-2: SINGLE (Flyball, 4D, EV 93.1 MPH)
Batting: RHB Hiromitsu Yamada 0-0: Ball
1-0: Foul Ball, location: 2F
1-1: Foul Ball, location: 2F
1-2: Ball
Passed Ball!
Nate Crofts to second
2-2: Foul Ball, location: 2F
2-2: DOUBLE (Line Drive, 8LD, EV 108.8 MPH)
Nate Crofts scores
Batting: LHB Justin Blakely 0-0: Ground out 6-3 (Groundball, 6, EV 86.3 MPH)
Bottom of the 4th over - 1 run, 3 hits, 0 errors, 1 left on base; Rome 3 - Batavia 1
TOP OF THE 5TH
Rome Braves batting - Pitching for Batavia Muckdogs : RHP Alex Garza
Batting: RHB Badr al Din Ridha 0-0: Foul Ball, location: 2F
0-1: Ball
1-1: SINGLE (Line Drive, 8LS, EV 96.9 MPH)
Pitching: RHP Giampaolo Nobile
Batting: RHB Alex Velasquez 0-0: Ball
Badr al Din Ridha is caught stealing 2nd base 2-4
1-0: Foul Ball, location: 2F
1-1: Foul Ball, location: 2F
1-2: SINGLE (Groundball, 34D, EV 97.5 MPH)
Batting: LHB Joe Phillips 0-0: Called Strike
0-1: Ball
Alex Velasquez is caught stealing 2nd base 2-6
1-1: Ball
2-1: SINGLE (Groundball, 4MD, EV 96.9 MPH)
Batting: RHB Peter Wheeler 0-0: Foul Ball, location: 2F
0-1: Called Strike
0-2: Ball
1-2: Ball
2-2: Strikes out swinging
Top of the 5th over - 0 runs, 3 hits, 0 errors, 1 left on base; Rome 3 - Batavia 1
BOTTOM OF THE 5TH
Batavia Muckdogs batting - Pitching for Rome Braves : LHP Jason Zaugg
Batting: RHB Jeremy Dennis 0-0: Ball
1-0: Foul Ball, location: 2F
1-1: Called Strike
1-2: Foul Ball, location: 2F
1-2: Ball
2-2: Foul Ball, location: 2F
2-2: TRIPLE (Flyball, 89XD, EV 107.5 MPH)
Batting: RHB Jose Trevino 0-0: Called Strike
0-1: Swinging Strike
0-2: Foul Ball, location: 2F
0-2: Ball
1-2: Strikes out looking
Batting: RHB Calvin Morin 0-0: Ball
1-0: Called Strike
1-1: Swinging Strike
1-2: Foul Ball, location: 2F
1-2: Fly out, F3 (Line Drive, 3, EV 69.4 MPH)
Batting: LHB David Doge 0-0: Called Strike
0-1: Ball
1-1: Called Strike
1-2: Ball
2-2: Strikes out swinging
Bottom of the 5th over - 0 runs, 1 hit, 0 errors, 1 left on base; Rome 3 - Batavia 1
TOP OF THE 6TH
Rome Braves batting - Pitching for Batavia Muckdogs : RHP Giampaolo Nobile
Batting: LHB J.P. Olson 0-0: Called Strike
0-1: SINGLE (Groundball, 34S, EV 69.4 MPH) (infield hit)
Batting: RHB Brandon Burrell 0-0: Ball
J.P. Olson is caught stealing 2nd base 2-4
1-0: Foul Ball, location: 2F
1-1: Called Strike
1-2: Ball
2-2: SINGLE (Groundball, 56D, EV 98.8 MPH)
Batting: LHB Robby Dann 0-0: SINGLE (Line Drive, 6MD, EV 98.8 MPH)
Brandon Burrell to second
Batting: RHB Ike Trout 0-0: Called Strike
0-1: Called Strike
0-2: Ball
1-2: Foul Ball, location: 2F
1-2: Strikes out swinging
Batting: LHB Mike Tenorio 0-0: Ball
1-0: Called Strike
1-1: SINGLE (Line Drive, 78S, EV 109.4 MPH)
Brandon Burrell to third
Robby Dann to second
Batting: RHB Badr al Din Ridha 0-0: Called Strike
0-1: Ball
1-1: Foul Ball, location: 2F
1-2: SINGLE (Groundball, 23, EV 65.6 MPH) (infield hit)
Brandon Burrell scores
Robby Dann to third
Mike Tenorio to second
Batting: RHB Alex Velasquez 0-0: Ball
1-0: DOUBLE (Line Drive, 7LM, EV 111.3 MPH)
Robby Dann scores
Mike Tenorio scores
Badr al Din Ridha to third
Runner from 3rd tries for Home, SAFE, throw by LF to home
Batting: LHB Joe Phillips 0-0: Ball
1-0: Foul Ball, location: 2F
1-1: Ball
2-1: Ball
3-1: Base on Balls
Batting: RHB Peter Wheeler 0-0: Ball
1-0: Ball
2-0: Ball
3-0: Base on Balls
Alex Velasquez to third
Joe Phillips to second
Batting: LHB J.P. Olson 0-0: Ground out 6-3 (Groundball, 6MS, EV 87.5 MPH)
Top of the 6th over - 4 runs, 6 hits, 0 errors, 3 left on base; Rome 7 - Batavia 1
BOTTOM OF THE 6TH
Batavia Muckdogs batting - Pitching for Rome Braves : LHP Jason Zaugg
Batting: RHB Jim Fisher 0-0: Ball
1-0: Ball
2-0: Ground out 3-1 (Groundball, 34, EV 103.1 MPH)
Batting: RHB Len Graham 0-0: Called Strike
0-1: Ball
1-1: Called Strike
1-2: Ball
2-2: DOUBLE (Line Drive, 8LXD, EV 108.8 MPH)
Pitching: LHP Joey Dover
Batting: RHB Nate Crofts 0-0: Ball
Len Graham steals 3rd base
1-0: Ball
2-0: DOUBLE (Line Drive, 78M, EV 98.1 MPH)
Len Graham scores
Batting: RHB Hiromitsu Yamada 0-0: Ball
1-0: Called Strike
1-1: Ground out 5-3 (Groundball, 56S, EV 91.9 MPH)
Batting: LHB Justin Blakely 0-0: Ball
1-0: Ball
2-0: Ground out U3 (Groundball, 3, EV 82.5 MPH)
Bottom of the 6th over - 1 run, 2 hits, 0 errors, 1 left on base; Rome 7 - Batavia 2
TOP OF THE 7TH
Rome Braves batting - Pitching for Batavia Muckdogs : RHP Giampaolo Nobile
Batting: RHB Brandon Burrell 0-0: Called Strike
0-1: SINGLE (Groundball, 6MD, EV 94.4 MPH)
Batting: LHB Robby Dann 0-0: Called Strike
0-1: Ball
1-1: Ball
2-1: Swinging Strike
2-2: Ball
3-2: SINGLE (Line Drive, 4D, EV 105.6 MPH)
Brandon Burrell to second
Batting: RHB Ike Trout 0-0: Ball
1-0: Foul Ball, location: 2F
1-1: Ball
2-1: Called Strike
2-2: Ground out 5-3 (Groundball, 5L, EV 85.6 MPH)
Brandon Burrell to third
Robby Dann to second
Batting: LHB Mike Tenorio 0-0: Ball
1-0: Foul Ball, location: 2F
1-1: Ball
Passed Ball!
Brandon Burrell scores
Robby Dann to third
2-1: Ground out 4-3 (Groundball, 34D, EV 80.6 MPH)
Robby Dann scores
Pitching: RHP Ryan Thompson
Batting: RHB Badr al Din Ridha 0-0: Ball
1-0: Called Strike
1-1: Foul Ball, location: 2F
1-2: Ground out 5-3 (Groundball, 56, EV 107.5 MPH)
Top of the 7th over - 2 runs, 2 hits, 0 errors, 0 left on base; Rome 9 - Batavia 2
BOTTOM OF THE 7TH
Batavia Muckdogs batting - Pitching for Rome Braves : LHP Joey Dover
Batting: RHB Jeremy Dennis 0-0: Ball
1-0: Fly out, F7 (Flyball, 78M, EV 78.1 MPH)
Batting: RHB Jose Trevino 0-0: Ball
1-0: Ground out 4-3 (Groundball, 4, EV 84.4 MPH)
Batting: RHB Calvin Morin 0-0: Foul Ball, location: 2F
0-1: Called Strike
0-2: Ball
1-2: Ground out 6-3 (Groundball, 6, EV 88.1 MPH)
Bottom of the 7th over - 0 runs, 0 hits, 0 errors, 0 left on base; Rome 9 - Batavia 2
TOP OF THE 8TH
Rome Braves batting - Pitching for Batavia Muckdogs : RHP Ryan Thompson
Batting: RHB Alex Velasquez 0-0: Foul Ball, location: 2F
0-1: Ground out 1-3 (Groundball, 34S, EV 66.9 MPH)
Batting: LHB Joe Phillips 0-0: Ball
1-0: Reached on error, E6 (Groundball, 6, EV 105.6 MPH)
Batting: RHB Peter Wheeler 0-0: Ball
1-0: Foul Ball, location: 2F
1-1: Ball
2-1: Ball
3-1: Base on Balls
Batting: LHB J.P. Olson 0-0: Called Strike
0-1: Fielders Choice at 2nd, 3-6 (Groundball, 34S, EV 87.5 MPH)
Joe Phillips to third
Batting: RHB Brandon Burrell 0-0: Called Strike
0-1: Called Strike
Pickoff Throw to First - Error! E1
Joe Phillips scores
J.P. Olson to second
0-2: Ball
1-2: Ground out 6-3 (Groundball, 6S, EV 85.0 MPH)
Top of the 8th over - 1 run, 0 hits, 2 errors, 1 left on base; Rome 10 - Batavia 2
BOTTOM OF THE 8TH
Batavia Muckdogs batting - Pitching for Rome Braves : LHP Joey Dover
Batting: LHB David Doge 0-0: Ball
1-0: Ground out U3 (Groundball, 3S, EV 68.1 MPH)
Batting: RHB Jim Fisher 0-0: Fly out, F9 (Flyball, 9LS, EV 86.3 MPH)
Batting: RHB Len Graham 0-0: Ball
1-0: Reached on error, E5 (Groundball, 56S, EV 87.5 MPH)
Batting: RHB Nate Crofts 0-0: Ball
1-0: Foul Ball, location: 2F
1-1: Fielders Choice at 2nd, 5-4 (Groundball, 56, EV 84.4 MPH)
Bottom of the 8th over - 0 runs, 0 hits, 1 error, 1 left on base; Rome 10 - Batavia 2
TOP OF THE 9TH
Rome Braves batting - Pitching for Batavia Muckdogs : RHP Ryan Thompson
Batting: LHB Robby Dann 0-0: Called Strike
0-1: Foul Ball, location: 2F
0-2: Ball
1-2: Ball
2-2: Ground out 4-3 (Groundball, 4, EV 81.9 MPH)
Batting: RHB Ike Trout 0-0: Ball
1-0: Foul Ball, location: 2F
1-1: Foul Ball, location: 2F
1-2: Ball
2-2: Foul Ball, location: 2F
2-2: SINGLE (Groundball, 6M, EV 95.6 MPH)
Batting: LHB Mike Tenorio 0-0: Called Strike
Ike Trout steals 2nd base
0-1: Called Strike
0-2: Ball
1-2: Ground out U3 (Groundball, 34, EV 86.3 MPH)
Ike Trout to third
Batting: RHB Badr al Din Ridha 0-0: Called Strike
0-1: Ground out 6-3 (Groundball, 6S, EV 67.5 MPH)
Top of the 9th over - 0 runs, 1 hit, 0 errors, 1 left on base; Rome 10 - Batavia 2
BOTTOM OF THE 9TH
Batavia Muckdogs batting - Pitching for Rome Braves : LHP Joey Dover
Batting: RHB Hiromitsu Yamada 0-0: Called Strike
0-1: Ball
1-1: Foul Ball, location: 2F
1-2: Strikes out swinging
Batting: RHB Mike Sonn 0-0: Called Strike
0-1: Ball
1-1: Foul Ball, location: 2F
1-2: Foul Ball, location: 2F
1-2: Ball
2-2: Strikes out swinging
Batting: RHB Jeremy Dennis 0-0: Ball
1-0: Foul Ball, location: 2F
1-1: Ball
2-1: Ground out U3 (Groundball, 3, EV 92.5 MPH)
Bottom of the 9th over - 0 runs, 0 hits, 0 errors, 0 left on base; Rome 10 - Batavia 2
Thursday, March 31st , 2022 - OOTP Baseball 22.12 Build 89